 Dungeon Crawl Stone Soup version 0.26.1-11-gd32895ea62 (webtiles) character file.

Game seed: 13626428127648847301

8134 karkarkar the Cleaver (level 11, -2/95 HPs)
             Began as a Minotaur Berserker on June 14, 2021.
             Was a High Priest of Trog.
             Slain by a two-headed ogre
             ... wielding a +0 giant club
              (6 damage)
             ... on level 10 of the Dungeon.
             The game lasted 00:29:01 (10717 turns).

karkarkar the Cleaver (Minotaur Berserker)         Turns: 10717, Time: 00:29:01

Health: -2/95      AC: 16    Str: 23    XL:     11   Next: 5%
Magic:  10/10      EV:  8    Int:  4    God:    Trog [*****.]
Gold:   687        SH:  0    Dex: 12    Spells: 10/10 levels left

rFire    . . .     SeeInvis .   p - +0 war axe
rCold    . . .     Faith    .   a - +0 kite shield
rNeg     . . .     Spirit   .   G - +0 plate armour
rPois    +         Reflect  +   (helmet restricted)
rElec    .         Harm     .   i - +0 cloak
rCorr    .         Rampage  .   (no gloves)
Will     .....                  q - +0 pair of boots
Stlth    ..........             j - amulet of reflection
HPRegen  0.25/turn              y - ring of poison resistance
MPRegen  0.12/turn              I - ring of poison resistance

@: confused
A: retaliatory headbutt, horns 2
a: Renounce Religion, Berserk, Trog's Hand, Brothers in Arms


You were on level 10 of the Dungeon.
You worshipped Trog.
Trog was extremely pleased with you.
You visited 1 branch of the dungeon, and saw 10 of its levels.

You collected 775 gold pieces.
You spent 88 gold pieces at shops.

Inventory:

Hand Weapons
 n - a +2 whip of freezing
 p - a +0 war axe (weapon)
 u - a +3 mace
 N - the +3 falchion "Fiqomnera" {holy, rN+ Int+4, unknown}
   (You found it on level 10 of the Dungeon)

   It has been blessed by the Shining One to cause great damage to the undead
   and demons.
   It affects your intelligence (+4).
   It protects you from negative energy.
Missiles
 o - 2 atropa-tipped darts (quivered)
 x - 3 throwing nets
 D - 3 javelins
Armour
 a - a +0 kite shield (worn)
 i - a +0 cloak (worn)
 q - a +0 pair of boots (worn)
 G - a +0 plate armour (worn)
Jewellery
 j - an amulet of reflection (around neck)
 y - a ring of poison resistance (left hand)
 I - a ring of poison resistance (right hand)
Wands
 l - a wand of paralysis (11)
 r - a wand of iceblast (6)
 C - a wand of digging (11)
 P - a wand of disintegration (14)
Scrolls
 b - 4 scrolls of remove curse
 d - a scroll of magic mapping
 f - 8 scrolls of teleportation
 s - 2 scrolls of noise
 v - a scroll of blinking
 z - 2 scrolls of fear
 B - a scroll of enchant weapon
 H - a scroll of holy word {unknown}
 L - a scroll of enchant armour {unknown}
 M - a scroll of identify
 O - a scroll of immolation {unknown}
Potions
 c - a potion of flight
 e - 2 potions of haste
 g - 5 potions of curing
 h - 4 potions of resistance
 k - 2 potions of mutation
 m - 3 potions of heal wounds
 t - a potion of ambrosia
 w - a potion of might {unknown}
 A - 2 potions of cancellation {unknown}
 E - 2 potions of lignification {unknown}
 F - a potion of invisibility
 J - 2 potions of brilliance {unknown}
 K - a potion of berserk rage {unknown}


   Skills:
 + Level 8.4 Fighting
 + Level 12.7 Axes
 + Level 8.4 Armour
 + Level 6.0 Dodging
 + Level 2.2 Stealth
 + Level 9.5 Shields


You had 10 spell levels left.
You didn't know any spells.
Your spell library was empty.

Dungeon Overview and Level Annotations

Branches:
Dungeon (10/15)            Temple (0/1) D:6            Lair (0/6) D:10
    Orc: D:9-12

Altars:
Cheibriados
Gozag
Hepliaklqana
Nemelex Xobeh
Ru
Trog
Xom
Yredelemnul

Shops:
D:2 *   D:4 *

Annotations:
D:3 3 runed translucent doors, Ajoxer's ghost, amateur MiFi; bigdumb's ghost, weakling DsAK; oc3rt's ghost, amateur KoHu; phalm's ghost, novice GnIE
D:4 3 runed translucent doors, alphawulf's ghost, amateur DsBe


Innate Abilities, Weirdness & Mutations

You reflexively headbutt those who attack you in melee.
You have a pair of horns on your head.


Message History

You block the two-headed ogre's attack.
The two-headed ogre hits you with a +0 giant spiked club.
You barely miss the two-headed ogre.
The two-headed ogre is almost dead.
You block the two-headed ogre's attack.
The two-headed ogre hits you with a +0 giant spiked club!!
* * * LOW HITPOINT WARNING * * *
You hit the two-headed ogre.
The two-headed ogre is almost dead.
You barely miss the two-headed ogre.
Your headbutt misses the two-headed ogre.
The two-headed ogre is almost dead.
The two-headed ogre hits you with a +0 giant club!
* * * LOW HITPOINT WARNING * * *
You block the two-headed ogre's attack.
Okay, then.
You are confused.
You feel invigorated.
The two-headed ogre hits you with a +0 giant club.
You die...

###+#### #..# #.##
#### ###.##### ..#
#.......#
#.######........ #
#.#.......(....#
#.#.###...####.......#
#...O@..### #.......#
######### #########


You could see a two-headed ogre.

Vanquished Creatures
  Harold (D:7)
  A two-headed ogre (D:10)
  Pikel (D:5)
  Maurice (D:9)
  A troll (D:10)
  Prince Ribbit (D:6)
  A wyvern (D:10)
  A wraith (D:10)
  Grum (D:10)
  Duvessa (D:6)
  A water moccasin (D:7)
  6 ice beasts
  3 orc warriors
  2 sky beasts
  3 black bears
  5 ogres
  A phantom (D:7)
  3 centaurs
  2 wolves (D:10)
  3 lemures (D:5)
  A big kobold (D:8)
  3 bullfrogs
  Dowan (D:6)
  6 scorpions
  5 killer bees (D:8)
  4 howler monkeys
  11 wights
  A centaur zombie (D:8)
  A quasit (D:9)
  A bullfrog zombie (D:10)
  2 hounds (D:7)
  3 bullfrog skeletons
  7 orc wizards
  Crazy Yiuf (D:2)
  A centaur skeleton (D:10)
  5 orc priests
  2 jellies
  2 iguanas (D:8)
  Natasha (twice) (D:2)
  9 worker ants
  A hound zombie (D:7)
  A worker ant zombie (D:6)
  2 howler monkey zombies
  4 gnolls (D:6)
  16 adders
  6 shadow imps
  An ufetubus (D:10)
  An adder skeleton (D:5)
  2 worms (D:2)
  2 dart slugs (D:1)
  6 leopard geckos
  22 orcs
  4 ball pythons
  5 bats
  7 giant cockroaches
  9 goblins
  11 hobgoblins
  13 jackals
  4 quokkas
  5 frilled lizards
  12 kobolds
  A quokka zombie (D:5)
  11 rats
253 creatures vanquished.

Notes
Turn   | Place    | Note
-------+----------+-------------------------------------------
     0 | D:1      | karkarkar the Minotaur Berserker began the quest for the
                  | Orb.
     0 | D:1      | Reached XP level 1. HP: 19/19 MP: 0/0
   366 | D:1      | Reached XP level 2. HP: 27/27 MP: 1/1
   382 | D:1      | Reached skill level 4 in Axes
   938 | D:1      | Reached XP level 3. HP: 33/33 MP: 2/2
  1051 | D:1      | Found a sparkling altar of Nemelex Xobeh.
  1120 | D:2      | Noticed Natasha
  1136 | D:2      | Killed Natasha
  1308 | D:2      | Found an opulent altar of Gozag.
  1308 | D:2      | Found Gozag's Platinum Reserve.
  1327 | D:2      | Reached XP level 4. HP: 41/41 MP: 3/3
  1443 | D:2      | Found a runed translucent door.
  1444 | D:2      | Noticed Crazy Yiuf
  1463 | D:2      | Found a faded altar of an unknown god.
  1582 | D:2      | Reached ** piety under Trog
  2165 | D:2      | Noticed Natasha
  2173 | D:2      | Killed Natasha
  2174 | D:2      | Reached skill level 5 in Axes
  2174 | D:2      | Reached XP level 5. HP: 32/47 MP: 4/4
  2363 | D:2      | Killed Crazy Yiuf
  2504 | D:3      | Found a snail-covered altar of Cheibriados.
  2731 | D:3      | You fall into a shaft and drop 2 floors!
  2731 | D:5      | Entered Level 5 of the Dungeon
  2975 | D:4      | Found Peutuir's General Store.
  2981 | D:4      | Bought a potion of mutation for 88 gold pieces
  2998 | D:4      | Reached XP level 6. HP: 43/53 MP: 5/5
  3118 | D:3      | Found a hazy altar of Hepliaklqana.
  3275 | D:3      | Reached *** piety under Trog
  3316 | D:3      | Found a runed translucent gate.
  3404 | D:3      | Found a runed translucent gate.
  3404 | D:3      | Found a runed translucent gate.
  3406 | D:3      | Noticed bigdumb's ghost (weakling DsAK)
  3406 | D:3      | Noticed oc3rt's ghost (amateur KoHu)
  3407 | D:3      | Noticed phalm's ghost (novice GnIE)
  3407 | D:3      | Noticed Ajoxer's ghost (amateur MiFi)
  4114 | D:4      | Reached skill level 1 in Shields
  4235 | D:4      | Found a runed translucent gate.
  4235 | D:4      | Found a runed translucent gate.
  4235 | D:4      | Found a runed translucent gate.
  4238 | D:4      | Noticed alphawulf's ghost (amateur DsBe)
  4603 | D:5      | Noticed Pikel
  4621 | D:5      | Killed Pikel
  4622 | D:5      | Reached skill level 5 in Fighting
  4622 | D:5      | Reached skill level 7 in Axes
  4622 | D:5      | Reached skill level 5 in Armour
  4622 | D:5      | Reached XP level 7. HP: 54/61 MP: 6/6
  4853 | D:5      | Reached skill level 1 in Stealth
  5362 | D:5      | Reached XP level 8. HP: 60/70 MP: 7/7
  5436 | D:5      | Reached skill level 8 in Axes
  5725 | D:6      | Noticed Dowan
  5725 | D:6      | Noticed Duvessa
  5737 | D:6      | Killed Duvessa
  5748 | D:6      | Killed Dowan
  6024 | D:6      | Reached skill level 9 in Axes
  6280 | D:6      | Noticed Prince Ribbit
  6308 | D:6      | Killed Prince Ribbit
  6433 | D:6      | Found a staircase to the Ecumenical Temple.
  6526 | D:6      | Reached XP level 9. HP: 78/78 MP: 8/8
  6582 | D:6      | Reached **** piety under Trog
  6603 | D:6      | Reached skill level 10 in Axes
  6636 | D:6      | Found a sacrificial altar of Ru.
  6718 | D:6      | Reached skill level 5 in Shields
  7058 | D:7      | Noticed Harold
  7079 | D:7      | HP: 4/118 [Harold/+0 dire flail of protection (5)]
  7080 | D:7      | Killed Harold
  7081 | D:7      | Reached skill level 5 in Dodging
  7829 | D:7      | Reached skill level 11 in Axes
  8282 | D:7      | Found a basalt altar of Yredelemnul.
  8284 | D:7      | Found a shimmering altar of Xom.
  8286 | D:7      | Found a bloodstained altar of Trog.
  8327 | D:7      | Reached XP level 10. HP: 86/86 MP: 9/9
  9071 | D:8      | Found a bloodstained altar of Trog.
  9536 | D:9      | Reached skill level 12 in Axes
  9704 | D:9      | Noticed Maurice
  9836 | D:9      | Killed Maurice
 10132 | D:10     | Entered Level 10 of the Dungeon
 10134 | D:10     | Got an iridescent falchion
 10476 | D:10     | Found a staircase to the Lair.
 10526 | D:10     | Noticed Grum
 10533 | D:10     | Reached ***** piety under Trog
 10541 | D:10     | Killed Grum
 10605 | D:10     | Noticed a two-headed ogre
 10616 | D:10     | Killed a two-headed ogre
 10617 | D:10     | Reached XP level 11. HP: 64/94 MP: 10/10
 10701 | D:10     | Noticed a two-headed ogre
 10716 | D:10     | HP: 1/95 [two-headed ogre/+0 giant club (13)]
 10717 | D:10     | Slain by a two-headed ogre

Illustrated notes

Levels and vault maps discovered:
D:1:      dpeg_arrival_prison, layout_basic, nemelex_diamond_rough_becter
D:2:      minmay_skewed_foursquare, layout_basic,
          chequers_ecumenical_altar_island, serial_bayou_pond_d,
          nicolae_gozag_zags_fifth_avenue, uniq_natasha, uniq_crazy_yiuf_cottage
D:3:      layout_loops_ring, cheibriados_altar_1, nzn_hepliaklqana_mist_gate,
          nicolae_overflow_hidden_temple, gammafunk_ghost_cemetery,
          minmay_cut_off
D:4:      layout_basic, ebering_ghost_rock_garden, serial_shops, shop
D:5:      layout_gridville, uniq_pikel
D:6:      layout_gridville, nicolae_overflow_crystal_walls,
          minmay_temple_entry_grid, item_on_display_a, uniq_duvessa,
          uniq_prince_ribbit1
D:7:      layout_loops_corners, minitemple, minmay_alternating_orb, uniq_harold
D:8:      layout_rooms, trog_ov_bears_minmay
D:9:      layout_small_grid, uniq_maurice
D:10:     layout_roguey, lair_entry_dummy, uniq_grum

Skill      XL: |  1  2  3  4  5  6  7  8  9 10 |
---------------+-------------------------------+-----
Fighting       | 4 5 6 7 8 |  8.4
Axes           | 4 5 7 9 11 12 | 12.7
Armour         | 3 4 5 6 7 8 |  8.4
Dodging        | 3 4 5 6 |  6.0
Shields        | 2 4 6 9 |  9.5
Stealth        | 1 2 |  2.2

Action                   |  1- 3 |  4- 6 |  7- 9 | 10-12 || total
-------------------------+-------+-------+-------+-------++-------
Melee: Hand axe          |    72 |   182 |    20 |       ||   274
       Headbutt          |     9 |    23 |    62 |    60 ||   154
       War axe           |       |       |   242 |   273 ||   515
Invok: Berserk           |     1 |     1 |     1 |       ||     3
       Trog's Hand       |       |     1 |     5 |     3 ||     9
  Use: Scroll            |     2 |     7 |     3 |     3 ||    15
       Potion            |       |     1 |       |     3 ||     4
Armor: Ring mail         |    21 |    58 |    49 |     2 ||   130
       Plate armour      |       |       |       |    69 ||    69
Dodge: Dodged            |    39 |    96 |    63 |    53 ||   251
Block: Other             |       |    37 |     3 |       ||    40
       Kite shield       |       |       |   162 |   205 ||   367
       Reflection        |       |       |     5 |     4 ||     9
